Cogmind - Beta 15 @@@ ROGUE MODE // 2025.06.23 @ 01:50:34 Player: Ladmageddon Result: Destroyed by G-47 Trooper with Particle Gun Performance ------------- Evolutions (1) 500 Regions Visited (3) 600 Robots Destroyed (43) 215 Value Destroyed (838) 838 Prototype IDs (0) 0 Alien Tech Used (0) 0 Bonus (0) 0 TOTAL SCORE: 2153 Bonus ------- None Cogmind --------- Core Integrity 0/400 Matter 290/300 Energy 250/250 System Corruption 0% Temperature Cool (9) Movement Rolling (135) Ox3 Location -9/Mines Parts ------- > --- POWER (1) -------- Ion Engine > --- PROPULSION (2) --- Wheel Compact Wheel > --- UTILITY (4) ------ Huge Storage Unit Salvage Targeting Computer > --- WEAPON (2) ------- Hammer Mining Claw > --- INVENTORY (25) --- Aluminum Leg Heat Sink Huge Storage Unit Light Assault Rifle Mining Claw Peak State ------------ > --- POWER ------------ Ion Engine > --- PROPULSION ------- Light Treads Light Treads > --- UTILITY ---------- Improved Heat Sink Huge Storage Unit Improved Terrain Scanner Salvage Targeting Computer > --- WEAPON ----------- Light Assault Rifle Shotgun > --- INVENTORY -------- Ion Engine Ion Engine Wheel Wheel Compact Wheel Huge Storage Unit EM Pulse Gun Grenade Launcher Mining Claw Mining Claw [Rating: 16] Favorites ----------- Power Ion Engine Engine Ion Engine Propulsion Light Treads Treads Light Treads Wheel Wheel Utility Huge Storage Unit Device Improved Terrain Scanner Storage Huge Storage Unit Processor Salvage Targeting Computer Weapon Grenade Launcher Energy Gun EM Pulse Gun Ballistic Gun Assault Rifle Launcher Grenade Launcher Impact Weapon Hammer Slashing Weapon Mining Claw Build | -11 -10 -9 -9 ------- Run | Yrd Mat Mat Min Slots Evolved 2 | . . 2 . Power . | . . . . Propulsion . | . . . . Utility 2 | . . 2 . Weapon . | . . . . Parts Attached 23 | 7 2 6 8 Power 3 | 1 . 1 1 Engine 3 | 1 . 1 1 Core . | . . . . Reactor . | . . . . Propulsion 6 | 2 . 1 3 Treads 3 | 2 . 1 . Leg . | . . . . Wheel 3 | . . . 3 Hover . | . . . . Flight . | . . . . Utility 5 | 2 1 2 . Device 2 | 1 . 1 . Storage 2 | 1 1 . . Processor 1 | . . 1 . Hackware . | . . . . Protection . | . . . . Artifact . | . . . . Weapon 9 | 2 1 2 4 Energy Gun 1 | . . 1 . Energy Cannon . | . . . . Ballistic Gun 5 | 2 . 1 2 Ballistic Cannon . | . . . . Launcher 1 | . 1 . . Special Weapon . | . . . . Impact Weapon 1 | . . . 1 Slashing Weapon 1 | . . . 1 Piercing Weapon . | . . . . Special Melee Weapon . | . . . . Unidentified Prototypes . | . . . . Parts Lost 15 | . . 5 10 Power 2 | . . 1 1 Propulsion 4 | . . 1 3 Utility 2 | . . . 2 Weapon 7 | . . 3 4 Highest Loss Streak 8 | . . 2 8 To Critical Strikes . | . . . . Average Backups 8 | 3 7 8 6 Power 1 | . 1 1 . Propulsion 2 | 1 2 3 1 Utility 1 | . . 1 1 Weapon 3 | . 3 3 2 Tool/Special . | . . . . Unused Backups 5 | . . . 5 Power . | . . . . Propulsion 1 | . . . 1 Utility 2 | . . . 2 Weapon 2 | . . . 2 Tool/Special . | . . . . Average Slot Usage (%) 90 | . 100 89 69 Engine 11 | . 14 11 5 Treads 20 | . 28 21 2 Wheel 1 | . . . 15 Device 15 | . 14 18 4 Storage 11 | . 14 11 11 Processor 4 | . . 5 11 Energy Gun 3 | . . 5 1 Ballistic Gun 11 | . 18 8 8 Launcher 7 | . 9 7 . Impact Weapon 1 | . . . 9 Peak Build Rating 16 | 9 9 16 15 Average Rating 10 | 5 9 12 8 On Entrance 7 | . 9 9 13 Naked Turns . | . . . . Heaviest Build 92 | 14 91 92 92 Greatest Support 40 | 40 40 40 40 Greatest Overweight (x) 29 | . 2 4 29 Average Overweight (x) 2 | . 1 2 3 Largest Inventory Capacity 25 | 8 25 25 25 Average Capacity 23 | 7 23 25 25 Most Carried 12 | 5 9 12 8 Average Carried 8 | 4 7 8 6 Final Capacity 25 | 8 25 25 25 Final Carried 9 | 4 9 8 5 Class Distribution -------------------- 71% | Mutant 28% | Scavenger-Mutant Dominant Class ---------------- Mutant | -10/Materials Mutant | -9/Materials Mutant | -9/Mines Resources | -11 -10 -9 -9 ----------- Run | Yrd Mat Mat Min Matter Collected 950 | 279 102 322 247 Remotely . | . . . . Salvage Created 1059 | 94 158 573 234 Parts 80 | 5 8 54 13 Haulers Intercepted 1 | . 1 . . Recyclers Shooed 4 | 1 1 2 . Parts Field Recycled . | . . . . Retrieved Matter . | . . . . Parts Self-Destructed . | . . . . Prevented . | . . . . Kills | -11 -10 -9 -9 ------- Run | Yrd Mat Mat Min Combat Hostiles Destroyed 25 | . 3 13 9 Melee 2 | . . . 2 Guns 18 | . . 11 7 AOE 5 | . 3 2 . Classes Destroyed 10 | 2 4 3 1 Worker 5 | . 2 3 . Builder 7 | . . 7 . Tunneler 2 | 2 . . . Hauler 1 | . 1 . . Recycler 1 | 1 . . . Operator 2 | . 1 1 . Swarmer 9 | . . 3 6 Grunt 13 | . 3 8 2 Brawler 1 | . . . 1 Sentry 2 | . . 2 . Best Kill Streak 7 | 3 4 7 4 Combat Bots Only 7 | . 3 7 4 Max Kills in Single Turn 2 | 1 2 2 1 Gunslinging . | . . . . Exploded 2 | . 2 2 . Melee 1 | . . . 1 Uniques/NPCs Destroyed . | . . . . Combat | -11 -10 -9 -9 -------- Run | Yrd Mat Mat Min Hostile Shots Fired 231 | . 5 74 152 Missed 61 | . 1 17 43 Hits 170 | . 4 57 109 Melee 1 | . . . 1 Projectile 169 | . 4 57 108 Critical Strikes 1 | . . . 1 Part Disruptions 1 | . . 1 . Damage Taken 1833 | . 102 753 978 Core 435 | . 23 84 328 Absorbed by Shields . | . . . . Core Remaining (%) 95 | 100 90 . . Volleys Fired 130 | 7 15 71 37 Largest 2 | 2 1 2 2 Hottest 70 | 40 30 70 63 Shots Fired 184 | 14 15 113 42 Gun 163 | 14 7 100 42 Cannon . | . . . . Launcher 21 | . 8 13 . Special . | . . . . Kinetic 140 | 14 7 82 37 Thermal . | . . . . Explosive 21 | . 8 13 . Electromagnetic 23 | . . 18 5 Robot Hit Streak 10 | 5 9 10 6 Robot Miss Streak 6 | 1 . 6 2 Penetration Max . | . . . . Secondary Targets . | . . . . Shots Hit Robots 107 | 11 8 53 35 Core Hits 70 | 6 9 41 14 Critical Kills . | . . . . Critical Parts Destroyed 2 | . . . 2 Critical Strikes 2 | . . . 2 Destroy 1 | . . . 1 Smash 1 | . . . 1 Melee Attacks 3 | . . . 3 Impact 2 | . . . 2 Slashing 1 | . . . 1 Piercing . | . . . . Sneak Attacks . | . . . . Combat Hostiles . | . . . . Follow-up Attacks . | . . . . Damage Inflicted 2191 | 109 403 1280 399 Guns 1227 | 109 83 704 331 Cannons . | . . . . Explosions 870 | . 320 550 . Melee 68 | . . . 68 Ramming 26 | . . 26 . Kinetic 1119 | 109 83 631 296 Thermal . | . . . . Explosive 870 | . 320 550 . Electromagnetic 108 | . . 73 35 Impact 45 | . . . 45 Slashing 23 | . . . 23 Piercing . | . . . . Highest Corruption . | . . . . Average Corruption . | . . . . Corruption Purged . | . . . . Corruption Blocked . | . . . . Overload Shots . | . . . . Overflow Damage 48 | . . 21 27 Projectiles . | . . . . Explosions 19 | . . 19 . Melee 29 | . . 2 27 Knockbacks . | . . . . Impact . | . . . . Kinetic . | . . . . Secondary . | . . . . Self-Inflicted Damage 163 | . 46 117 . Shots 7 | . 2 5 . Rammed 3 | . . 3 . Targets Rammed 3 | . . 3 . Kicked . | . . . . Crushed . | . . . . Highest Temperature 4 | . 4 2 . Average Temperature 2 | . 4 2 . Received Heat Transfer 507 | . 36 279 192 Siege Activations . | . . . . Martial Activations . | . . . . Shielding Activations . | . . . . Robots Disrupted . | . . . . Combat Hostiles . | . . . . Robots Corrupted . | . . . . Combat Hostiles . | . . . . Parts Fried . | . . . . Impact Corruptions 2 | . . 1 1 Robots Melted . | . . . . Combat Hostiles . | . . . . Parts Melted . | . . . . Heat Transferred . | . . . . Parts Sabotaged . | . . . . Parts Stolen . | . . . . Parts Stripped . | . . . . Power Chain Reactions . | . . . . Alert | -11 -10 -9 -9 ------- Run | Yrd Mat Mat Min Maximum Alert Level . | . . . . Low Security (%) 100 | 100 100 100 100 Level 1 . | . . . . Level 2 . | . . . . Level 3 . | . . . . Level 4 . | . . . . Level 5 . | . . . . High Security . | . . . . Max Security . | . . . . Peak Influence 173 | 10 173 166 98 Initial 48 | . . 20 48 Average 64 | 2 66 72 48 Influence Increases 984 | 15 225 504 240 Destroy 0b10 Robot/C 500 | . 60 260 180 Destroy 0b10 Robot/NC 90 | 15 20 55 . Destroy Leader 112 | . 22 60 30 Disable Machine 90 | . 45 45 . Destroy Structure 162 | . 78 84 . Lose Combat Pursuer 30 | . . . 30 Influence Decreases 916 | 15 176 427 298 Entered New Map 107 | . . 29 78 Time Decay 659 | 15 176 348 120 Lost Part 150 | . . 50 100 Squads Dispatched 4 | . 1 3 . Investigation . | . . . . Extermination . | . . . . Reinforcement 4 | . 1 3 . Assault . | . . . . Garrison . | . . . . Intercept . | . . . . Searches Triggered . | . . . . Construction Impeded 2 | . . 2 . Haulers Reinforced . | . . . . Active Scanning Responses . | . . . . Cargo Convoy Interrupts . | . . . . Stealth | -11 -10 -9 -9 --------- Run | Yrd Mat Mat Min Distress Signals 5 | . . 5 . Communications Jammed . | . . . . Distress Signals . | . . . . Times Spotted 46 | . 5 23 18 Peak Tracking Total 8 | . 3 8 6 Tactical Retreats 2 | . . . 2 Traps | -11 -10 -9 -9 ------- Run | Yrd Mat Mat Min Traps Triggered . | . . . . Indirectly . | . . . . Trap Hack Attempts . | . . . . Triggered . | . . . . Disarmed . | . . . . Reprogrammed . | . . . . Reused . | . . . . Traps Extracted . | . . . . Installed . | . . . . Triggered . | . . . . Machines | -11 -10 -9 -9 ---------- Run | Yrd Mat Mat Min Machines Disabled 6 | . 3 3 . Max in Single Turn 2 | . 1 2 . Machines Repaired . | . . . . Machines Dismantled . | . . . . Machines Sabotaged . | . . . . Overloaded Fab Kills . | . . . . Hacking | -11 -10 -9 -9 --------- Run | Yrd Mat Mat Min Machines Accessed 2 | . . 2 . Terminals 2 | . . 2 . Fabricators . | . . . . Repair Stations . | . . . . Recycling Units . | . . . . Scanalyzers . | . . . . Garrison Access . | . . . . Total Hacks 3 | . . 3 . Successful 2 | . . 2 . Failed 1 | . . 1 . Catastrophic . | . . . . Database Lockouts . | . . . . Manual 1 | . . 1 . Terminals 3 | . . 3 . Fabricators . | . . . . Repair Stations . | . . . . Recycling Units . | . . . . Scanalyzers . | . . . . Garrison Access . | . . . . Terminal Hacks 2 | . . 2 . Record 1 | . . 1 . Alert Level 1 | . . 1 . Fabricator Hacks . | . . . . Repair Station Hacks . | . . . . Recycling Unit Hacks . | . . . . Scanalyzer . | . . . . Garrison Access Hacks . | . . . . Unauthorized Hacks . | . . . . Terminals . | . . . . Fabricators . | . . . . Repair Stations . | . . . . Recycling Units . | . . . . Scanalyzers . | . . . . Garrison Access . | . . . . Data Cores Recovered . | . . . . Used . | . . . . Hacking Detections 2 | . . 2 . Full Trace Events . | . . . . Feedback Events . | . . . . Feedback Blocked . | . . . . Robot Schematics Acquired . | . . . . Robots Built . | . . . . Authchips . | . . . . Time . | . . . . Total Robot Build Rating . | . . . . Part Schematics Acquired . | . . . . Parts Built . | . . . . Authchips . | . . . . Time . | . . . . Total Part Build Rating . | . . . . Parts Repaired . | . . . . Time . | . . . . Parts Recycled . | . . . . Recycled Matter . | . . . . Retrieved Matter . | . . . . Retrieved Components . | . . . . Parts Scanalyzed . | . . . . Part Schematics Acquired . | . . . . Parts Damaged . | . . . . Bothacking | -11 -10 -9 -9 ------------ Run | Yrd Mat Mat Min Used RIF Installer . | . . . . Robots Hacked . | . . . . Non-combat . | . . . . Combat . | . . . . Robot Hacks Applied . | . . . . Relay Couplers Released . | . . . . Fabnet Peak Effective % . | . . . . Robots Rewired . | . . . . Allies Hacked . | . . . . Hacks Repelled . | . . . . Allies | -11 -10 -9 -9 -------- Run | Yrd Mat Mat Min Total Allies . | . . . . Largest Group . | . . . . Highest-Rated Group . | . . . . Highest-Rated Ally . | . . . . Total Orders . | . . . . Ally Attacks . | . . . . Total Damage . | . . . . Kills . | . . . . Allies Corrupted . | . . . . Allies Melted . | . . . . Intel | -11 -10 -9 -9 ------- Run | Yrd Mat Mat Min Active Infowar (turns) 1768 | 11 546 1158 53 Terrain 1768 | 11 546 1158 53 Robot Analysis Total . | . . . . Derelict Logs Recovered 2 | . . . 2 Drone Launches . | . . . . Drone Recoveries . | . . . . Exploration | -11 -10 -9 -9 ------------- Run | Yrd Mat Mat Min Turns Passed 2054 | 95 546 1158 255 Spaces Moved 590 | 47 169 284 90 Core 15 | 13 . . 2 Treads 490 | 34 169 284 3 Legs . | . . . . Wheels 85 | . . . 85 Hover . | . . . . Flight . | . . . . Fastest Speed 50 | 50 160 320 135 Average Speed 278 | 129 301 321 177 Slowest Speed 1500 | 160 320 480 1500 Overloaded Moves . | . . . . Propulsion Burnouts . | . . . . Robots Hopped . | . . . . Potential Cave-ins . | . . . . Cave-ins Triggered . | . . . . Exploration Rate (%) 23 | 4 38 29 23 Regions Visited 3 Branch Regions 1 Pre-discovered Areas . | . . . . Known Exits Taken . | . . . . Unknown Exits Taken 3 | 1 1 1 . Scrap Searched 1 | . . . 1 Spaces Dug . | . . . . Terrain Destroyed 206 | . 98 108 . Melee . | . . . . Projectile . | . . . . AOE 206 | . 98 108 . Terrain Rammed . | . . . . Walls Destroyed . | . . . . Machines Disabled . | . . . . Actions | -11 -10 -9 -9 --------- Run | Yrd Mat Mat Min Total 817 | 66 192 414 145 Wait 42 | . . 42 . Move 587 | 46 168 283 90 Hop . | . . . . Pick Up 23 | 6 6 5 6 Fast Attach 5 | 5 . . . Attach 17 | 2 . 6 9 Detach . | . . . . Swap 6 | . 2 4 . Drop 1 | . 1 . . Fire 130 | 7 15 71 37 Melee 3 | . . . 3 Ram . | . . . . Kick . | . . . . Crush 3 | . . 3 . Escape Stasis . | . . . . Rewire . | . . . . Trap . | . . . . Miscellaneous . | . . . . Route ------- -11/Scrapyard -10/Materials -9/Materials -9/Mines (discovered 1 exit: Mat) History --------- Turn | Location | Event 12 | -11/Scrapyard | Discovered new exit (range 15) 96 | -11/Scrapyard | Entered Materials 310 | -10/Materials | Build established: Mutant 521 | -10/Materials | Discovered new exit (range 11) 642 | -10/Materials | Entered another Materials area 642 | -9/Materials | Evolved 2 slots: Utility x2 1052 | -9/Materials | Destroyed 7 combat bots 1539 | -9/Materials | Build established: Scavenger-Mutant 1765 | -9/Materials | Discovered new exit (range 12) 1800 | -9/Materials | Entered Mines 1863 | -9/Mines | Core integrity fell below 50% 1884 | -9/Mines | Lost 8 parts (1p2n2u3w) 1915 | -9/Mines | Learned 2 Materials zone layouts 1935 | -9/Mines | Core integrity fell below 20% 2036 | -9/Mines | Identified exit to Materials 2055 | -9/Mines | Destroyed by G-47 Trooper with Particle Gun Last Messages --------------- Acquired 16 matter. Acquired 13 matter. Acquired Aluminum Leg. K-01 Serf collects debris. Acquired 18 matter. Acquired 13 matter. K-01 Serf collects debris. Searching scrap... Found Hover Unit. Found 53 Matter. Found Datajack. Found 59 Matter. K-01 Serf collects debris. R-06 Scavenger collects Sml. Laser. R-06 Scavenger collects Flight Unit. K-01 Serf collects debris. Lgt. Assault Rifle destroyed. Acquired derelict log, extracted data. Loading 1 Mines exit... S-10 Pest destroyed. Map ----- +----------------------------------------------------+ | | | | | | | | | | | | | | | | | | | | | | | | | | | ????????????????????????????????????????????????? | | ????????????????????????????????????????????????? | | ????????????????????????????????????????????????? | | ????????????????????????????????????????????????? | | ????????????????????????????????????????????????? | | ????????????????????????????????????????????????? | | ??????????????????????#########?????????????????? | | ??????????????????????# #?????????????????? | | ??????????????????????# """s #?????????????????? | | ??????????????????????# """ #?????????? ??????? | | ??????????????????????# """s ????????????????#??? | | ??????????????????????# [s ?????????????????????? | | ???????????????????????#@#???????#??????????????? | | ???????????????????????# #????????????? ????????? | | ???????????????????????# #?#?????###????????????? | | ???????????????????????# #???????# ????????????? | | ???????????????????????# #??????## #??????????##? | | ???????????????????????# #??????## #???????#????? | | ???????????????????????# #???????# #????????#???? | | ???????????????????????# #???????# #??????#?????? | | ???????????????????????# #??????## ###?????????? | | ????????????????# ######g#?????## ##????#????? | | ????????????????# #?????# ####### | | ????????????????# ##### ##?????# =*= =%! | | ??????????????????????# #??????# = * ### ### # | | ??????????????????????# #??????# === ##????????? | | ??????????????????????# ##?????# = ####????#????? | | ????????????????# ##### ##????# ##????????????# | | ????????????????# #????# #?#???????????? | | ????????????????# ##???# #?????????????? | | ????????????????###### ##??# %#?????????????? | | ???????????????????## #### ###???????? ?? | | ???????????????????# ### ##???????????? | | ???????????????????# ##?#????????? | | ???????????????????# ##???????? ? | | ???????????????????# #?????????? | | ???????????????????## #???? ????? | +----------------------------------------------------+ Best States ------------- Heat Dissipation 42 Energy Generation 10 Energy Capacity 250 Matter Stores 300 Matter Capacity 300 Sight Range 16 Terrain Scan Range 16 Terrain Scan Density 10 Evasion (%) 50 Recoil Reduction 2 Salvage Targeting 1 Item Schematics ----------------- None Robot Schematics ------------------ None Fabricated ------------ Nothing Repaired ---------- Nothing Alien Tech Used ----------------- None Achievements -------------- None Challenges ------------ None Game ------ Seed GrenadeMicrodissipatorField Manual? 0 Play Time 00:15:27 Cumulative 17.7 hours Start 2025.06.23 @ 01:37:23 End 2025.06.23 @ 01:50:34 Sessions 1 Manual Loads 0 Difficulty Rogue Special Mode None Game No. 41 Rogue 38 Adventurer 3 Explorer 0 Win Type - Total 0 Types 0/0/0/0/0/0/0/0/0/0 Lore% 12 Gallery% 24 Achievement% 22 Wizard Run 0 Options --------- Layout 1 ASCII 0 Keyboard 0 Movement Mouse Keybinds 0 Fullscreen 1 Font 16/SmallcapsGlow Map View 25x20 Zoom Use 99% Tactical HUD 0 Map Filters NONE Filters NONE Steam SD RUN: 9f00be6a-1450-41e4-b582-bb7c521e2393